Map: Disco Bloodbath LE

Players

WrongHero

  • Race: Protoss Protoss
  • League: Platinum
  • Spawn Location: 3:00

pHARM - Winner!

  • Race: Zerg Zerg
  • League: Platinum
  • Spawn Location: 9:00

VOD

Have the link to the VOD?

Description

Time

  • Played on: Sept. 4, 2019, 9:56 p.m.
  • Length: 15:24
Show
View Real Time Build Order
Export as new Build Order

WrongHero Protoss 

Build Orders: Carriers, Zealot Archon 

Get SALT Encoding   

  12  0:00  Probe  
  13  0:12  Probe  
  14  0:20  Pylon  
  14  0:24  Probe  
  15  0:41  Gateway  
  15  0:42  Probe  
  15  0:48  Assimilator  
  16  0:50  Probe  
  16  0:56  Pylon  
  17  0:59  Probe  
  18  1:08  Probe  
  18  1:16  Probe  
  20  1:26  Probe  
  20  1:32  Cybernetics Core  
  21  1:38  Probe  
  22  1:47  Assimilator  
  22  1:51  Probe  
  23  2:03  Probe  
  23  2:04  Nexus  
  24  2:09  Pylon  
  24  2:12  Warp Gate  
  24  2:24  Adept  
  24  2:28  Robotics Facility  
  24  2:31  Probe  
  27  2:43  Probe  
  28  2:46  Twilight Council  
  28  2:55  Probe  
  28  2:57  Shield Battery  
  29  3:06  Stalker  
  31  3:17  Pylon  
  31  3:18  Probe x2  
  33  3:23  Charge  
  33  3:30  Probe x2  
  35  3:42  Immortal  
  39  3:52  Pylon  
  39  3:53  Probe x2  
  41  4:09  Templar Archives  
  41  4:12  Gateway  
  41  4:13  Gateway  
  41  4:14  Probe x2  
  43  4:22  Assimilator  
  43  4:23  Observer  
  43  4:24  Assimilator  
  43  4:28  Probe x2  
  46  4:32  Stalker  
  48  4:42  Pylon  
  48  4:44  Probe x2  
  50  4:46  Immortal  
  50  4:57  Zealot  
  56  5:10  Forge  
  56  5:12  Psionic Storm  
  56  5:13  Forge  
  56  5:22  Probe x2  
  58  5:30  High Templar  
  58  5:34  Probe x2, Stalker  
  64  5:42  Pylon  
  64  5:51  Pylon  
  64  5:52  High Templar  
  64  5:56  Probe x2  
  68  6:03  Protoss Ground Armor Level 1  
  68  6:06  Protoss Ground Weapons Level 1  
  68  6:09  Archon  
  68  6:10  Nexus  
  68  6:13  Pylon  
  68  6:23  High Templar  
  70  6:26  Probe x2  
  70  6:28  Zealot x2  
  76  6:41  Gateway  
  76  6:43  Gateway  
  76  6:45  Pylon  
  76  6:48  Immortal  
  76  6:49  High Templar  
  82  7:03  Archon  
  82  7:05  High Templar  
  84  7:08  Zealot  
  86  7:20  Pylon  
  86  7:23  Pylon  
  86  7:43  Probe x2  
  88  7:50  Pylon x2  
  88  7:52  Protoss Shields Level 1  
  88  7:53  Pylon  
  88  7:54  High Templar x2  
  88  7:55  High Templar x2  
  96  8:01  Photon Cannon  
  96  8:03  Photon Cannon  
  96  8:04  Shield Battery  
  96  8:05  Probe x3  
  98  8:06  Shield Battery  
  99  8:14  Archon  
  99  8:17  Probe, Archon  
  99  8:19  Probe x2  
  102  8:23  Assimilator  
  102  8:24  Assimilator  
  102  8:29  Probe  
  102  8:30  Stargate  
  102  8:31  Probe  
  104  8:39  Photon Cannon  
  104  8:42  Photon Cannon x3  
  104  8:44  Photon Cannon  
  104  8:46  Shield Battery  
  104  8:48  Shield Battery  
  104  8:50  Probe x2  
  104  8:51  Photon Cannon  
  104  8:54  Photon Cannon  
  104  8:55  Probe  
  107  8:57  High Templar  
  107  8:58  High Templar  
  107  8:59  Zealot x2  
  107  9:00  Zealot  
  107  9:02  Archon, Probe  
  118  9:25  Protoss Ground Armor Level 2  
  118  9:28  Fleet Beacon  
  118  9:30  Pylon  
  118  9:33  Pylon  
  118  9:37  Gateway  
  118  9:39  Gateway  
  118  9:41  Gateway  
  118  9:52  Nexus  
  118  9:56  Pylon x3  
  118  9:57  Photon Cannon, Oracle  
  118  9:58  High Templar x3  
  118  9:59  Pylon, High Templar  
  129  10:15  Stargate  
  129  10:18  Stargate  
  129  10:32  Shield Battery  
  129  10:33  Photon Cannon x2  
  129  10:35  Photon Cannon  
  129  10:36  Shield Battery  
  129  10:38  Shield Battery  
  129  10:53  Probe x2  
  129  10:54  Probe  
  128  11:15  Carrier x2  
  124  11:20  Carrier  
  142  11:28  Pylon  
  142  11:34  Zealot x5  
  142  11:35  Zealot x3  
  152  11:52  Nexus  
  152  11:58  Mothership  
  152  12:01  Photon Cannon  
  152  12:03  Photon Cannon  
  152  12:05  Photon Cannon  
  152  12:07  Shield Battery  
  152  12:08  Shield Battery  
  152  12:11  Protoss Air Weapons Level 1  
  152  12:22  Tempest  
  160  12:23  Protoss Ground Weapons Level 2  
  160  12:25  Carrier  
  160  12:28  Zealot  
  151  12:52  Carrier  
  151  12:58  Pylon  
  151  13:00  Pylon  
  151  13:04  Pylon  
  157  13:09  Carrier  
  149  13:24  Archon x2  
  139  13:29  Zealot  
  139  13:30  Zealot x5  
  139  13:31  Zealot x2  
  138  14:01  Zealot x4  
  138  14:02  Zealot  
  125  14:10  Zealot x2  
  125  14:11  Zealot  
  125  14:22  Zealot x2  
  125  14:23  Zealot x3  
  97  14:53  Zealot x3  
  97  14:54  Zealot  
  87  15:10  Zealot x2  
Show
View Real Time Build Order
Export as new Build Order

pHARM Zerg - Winner!

Build Orders: Hatch First, Roach Hydra 

Get SALT Encoding   

  12  0:01  Drone  
  13  0:14  Overlord  
  13  0:18  Drone  
  14  0:33  Drone x2  
  16  0:53  Hatchery  
  15  0:57  Drone x2  
  15  0:59  Drone  
  18  1:15  Spawning Pool  
  18  1:18  Drone  
  18  1:33  Drone  
  19  1:40  Drone  
  19  1:43  Overlord  
  20  1:54  Drone  
  21  2:06  Queen x2  
  25  2:09  Drone x2  
  27  2:17  Drone  
  27  2:18  Drone  
  29  2:33  Drone  
  29  2:34  Drone  
  31  2:39  Overlord x2  
  31  2:47  Queen x2  
  35  2:53  Drone, Extractor  
  35  2:54  Drone  
  35  2:57  Drone  
  37  3:02  Drone  
  38  3:09  Drone  
  39  3:14  Drone  
  39  3:18  Drone  
  41  3:20  Drone  
  41  3:21  Drone x5  
  47  3:34  Extractor  
  47  3:35  Drone x2  
  47  3:36  Extractor  
  47  3:47  Drone  
  47  3:48  Drone  
  49  3:52  Hatchery  
  48  4:01  Pneumatized Carapace  
  48  4:05  Drone  
  49  4:10  Drone  
  49  4:11  Drone x2  
  52  4:17  Roach Warren  
  52  4:18  Evolution Chamber  
  52  4:21  Evolution Chamber  
  49  4:58  Roach  
  49  4:59  Overlord x4  
  51  5:01  Zerg Missile Weapons Level 1  
  51  5:08  Roach x3  
  51  5:14  Zerg Melee Weapons Level 1  
  57  5:33  Roach  
  57  5:34  Roach x11  
  81  5:35  Overlord  
  81  5:36  Overlord x2  
  81  5:40  Lair  
  81  5:58  Overlord x2  
  81  5:59  Roach x5  
  91  6:20  Overlord x2  
  91  6:21  Roach x7  
  91  6:22  Roach x2  
  109  6:56  Glial Reconstitution  
  109  7:03  Roach x9  
  109  7:07  Drone  
  109  7:08  Drone x5  
  133  7:11  Extractor  
  132  7:19  Hydralisk Den  
  131  7:37  Drone  
  131  7:38  Drone x6  
  131  7:41  Extractor  
  131  7:42  Extractor  
  136  7:50  Zerg Missile Weapons Level 2  
  136  8:07  Drone x2  
  136  8:08  Overlord x4  
  138  8:27  Hatchery  
  138  8:31  Grooved Spines  
  137  8:39  Drone  
  137  8:40  Drone x4  
  142  9:00  Hydralisk  
  142  9:01  Hydralisk x12  
  142  9:02  Infestation Pit, Hydralisk  
  170  9:04  Overlord x8  
  169  9:29  Hydralisk  
  169  9:30  Hydralisk x7  
  185  9:32  Overlord x4  
  185  9:42  Muscular Augments  
  185  9:56  Hydralisk x7  
  199  10:01  Overseer x2  
  199  10:47  Hive  
  195  11:17  Hydralisk  
  195  11:18  Hydralisk x3  
  185  11:54  Spire  
  184  12:04  Hydralisk  
  184  12:05  Hydralisk x7  
  178  12:54  Roach x13  
  200  13:13  Greater Spire  
  188  13:27  Hydralisk x14  
  174  14:16  Hydralisk x7  
  174  14:17  Hydralisk x10  
  192  14:25  Hydralisk  
  192  14:26  Hydralisk x2  
  192  14:33  Drone x4  
  186  14:40  Extractor  
  186  14:41  Extractor  
Tags
 
Add a new tag
Caveats
  • Supply blocks, unpowered buildings, or Contaminate may cause inaccurate times.
  • Supply counts are checked every 10 seconds.